 Zot Defence DCSS version 0.15.2 (webtiles) character file.

222340 magog001 the Impregnable (level 18, -4/151 HPs)
             Began as a Minotaur Fighter on Aug 25, 2017.
             Slain by a spriggan defender
             ... wielding a +6 quick blade
              (16 damage)
             ... in the Realm of Zot (Scenario I: Hall of Zot).
             The game lasted 01:54:58 (10658 turns).

magog001 the Impregnable (Minotaur Fighter)        Turns: 10658, Time: 01:54:58

HP  -4/151       AC 34     Str 25      XL: 18   Next:  9%
MP   4/7         EV 10     Int  3      God:
Gold 0           SH 14     Dex 12      Spells:  0 memorised, 17 levels left

rFire  . . .     SeeInvis .     o - +1 mace (protect)
rCold  + . .     Clarity  .     p - +0 plate armour
rNeg   + . .     rCorr    +     c - +0 shield (curse)
rPois  +         rRot     .     (helmet restricted)
rElec  +         Spirit   .     A - +4 dragonskin cloak
SustAb .         Warding  .     (no gloves)
rMut   .         Stasis   .     (no boots)
Gourm  .                        (no amulet)
MR     ++...                    (no ring)
                                (no ring)

@: very resistant to hostile enchantments, extremely unstealthy
A: retaliatory headbutt, horns 2, thin metallic scales 1, blurry vision 1, dopey
1, frail 1, magic resistance 1, shaggy fur 1, weak 1, forlorn, placid magic 1
a: Make oklob sapling, Make arrow trap, Make plant, Remove Curse, Make burning
bush, Make altar, Make grenades, Make oklob plant, Make net trap, Make ice
statue, Make spear trap, Make alarm trap, Make mushroom circle, Make bolt trap,
Make crystal statue, Make needle trap, Zot-teleport, Make water
}: 2/15 runes: golden, dark


You were in the Realm of Zot.
You were not hungry.

You visited 1 branch

Inventory:

Hand weapons
 b - a +0 shortbow of flaming
 n - a +1 arbalest of freezing
 o - a +1 mace of protection (weapon)
Missiles
 a - 8 tomahawks (quivered)
 g - 3 poisoned bolts
 l - 236 arrows
 r - 9 arrows of flame
 t - 104 bolts
 v - 11 bolts of flame
Armour
 c - a cursed +0 shield (worn)
 p - a +0 plate armour (worn)
 A - the +4 dragonskin cloak (worn)
   (You took it off Tiamat in the Realm of Zot)
Magical devices
 m - a wand of polymorph (3)
Comestibles
 f - a bread ration
Scrolls
 k - a scroll of blinking
Potions
 d - a potion of curing
 e - a potion of might
 h - a potion of haste
 i - 2 potions of magic
 j - a potion of berserk rage


   Skills:
 * Level 16.4 Fighting
   Level 11.5(12.2) Axes
 + Level 6.7(10.0) Maces & Flails
 - Level 2.1 Bows
 * Level 7.5 Throwing
 * Level 23.2 Armour
 * Level 12.2 Dodging
 * Level 15.2 Shields
 + Level 0.2 Evocations


You had 17 spell levels left.
You didn't know any spells.

Dungeon Overview and Level Annotations

Branches:
    Zot (1/1)

Altars:


Innate Abilities, Weirdness & Mutations

You reflexively headbutt those who attack you in melee.
You have a pair of horns on your head.
You are partially covered in thin metallic scales (AC +2).
Your vision is a little blurry.
You are dopey. (Int -2)
You are frail (-10% HP).
You are resistant to hostile enchantments.
You are covered in fur (AC +1).
You are weak. (Str -2)
You have difficulty communicating with the divine.
Your spells are a little easier to cast, but a little less powerful.


Message History

Make oklob plant where?
Press: ? - help, Dir - move target cursor A rhizome shoots up through the ground and merges with vitriolic spirits in the atmosphere.
Use which ability? (? or * to list) Make ice statue where?
Press: ? - help, Dir - move target cursor Water vapor collects and crystallises into an icy humanoid shape.
Your ice statue throws cold at the spriggan defender.
The bolt of cold misses the spriggan defender.
You feel a bit more experienced. x2
You feel a bit more experienced.
You feel a bit more experienced. x2
Your magical contamination has completely faded away.
You feel a bit more experienced. x2
You feel a bit more experienced.
Use which ability? (? or * to list) Center fungus circle where?
Press: ? - help, Dir - move target cursor, f - you The spriggan defender hits you with a glowing quick blade!
You die...

▓▓▓▓▓▓▓▓▓▓▓▓▓▓ ▓▓ ..........▓▓▓▓
▓▓ .............▓▓▓ ▓▓▓.
...............▓▓ ▓▓...
................▓ ▓▓▓▓▓▓▓▓▓ ▓....
................▓▓▓.......▓▓▓....
................▓▓.........▓▓....
...............P▓P..........▓....
...............i@P....0..........
...............P▓P..........▓....
.............ii.▓▓.........▓▓....
................▓▓▓8.....8▓▓▓....
................# ▓▓▓▓▓▓▓▓▓ #....
...............## ##...
.............### ###.
.i........#### ## .##############
###


You could see 2 spriggan defenders, Haump the spriggan defender and a friendly
ice statue.

Vanquished Creatures
  A very ugly thing (Zot)
  A lorocyproca (Zot)
  A mottled draconian (Zot)
  A slime creature (Zot)
  2 boggarts (Zot)
  A jelly (Zot)
  A sheep (Zot)
  A green rat (Zot)
  An ooze (Zot)
  An orc (Zot)
  A goblin (Zot)
12 creatures vanquished.

Vanquished Creatures (collateral kills)
  Tiamat (Zot)
  An ancient lich (Zot)
  Norris (Zot)
  A golden dragon (Zot)
  A bone dragon (Zot)
  A tentacled monstrosity (Zot)
  Xtahua (Zot)
  2 Brimstone Fiends (Zot)
  An Ice Fiend (Zot)
  2 titans (Zot)
  A Shadow Fiend (Zot)
  An azure jelly (Zot)
  A sphinx (Zot)
  3 tengu reavers (Zot)
  An ancient champion (Zot)
  4 shadow dragons (Zot)
  A frost giant (Zot)
  An iron dragon (Zot)
  An orc warlord (Zot)
  2 draconian scorchers (Zot)
  8 fire giants (Zot)
  A balrug (Zot)
  A draconian zealot (Zot)
  7 reapers (Zot)
  3 very ugly things (Zot)
  A draconian annihilator (Zot)
  2 spriggan defenders (Zot)
  3 war gargoyles (Zot)
  4 stone giants (Zot)
  A green draconian (Zot)
  2 yellow draconians (Zot)
  2 mottled draconians (Zot)
  3 red draconians (Zot)
  2 great orbs of eyes (Zot)
  A crystal guardian (Zot)
  An ettin (Zot)
  2 mummy priests (Zot)
  A yaktaur captain (Zot)
  7 fire dragons (Zot)
  2 death oozes (Zot)
  4 ice dragons (Zot)
  2 ogre magi (Zot)
  A spriggan air mage (Zot)
  4 centaur warriors (Zot)
  5 deep troll earth magi (Zot)
  A merfolk aquamancer (Zot)
  2 deep troll shamans (Zot)
  A fire crab (shapeshifter) (Zot)
  4 hell hogs (Zot)
  A tengu warrior (Zot)
  3 spriggan berserkers (Zot)
  2 soul eaters (Zot)
  2 sun demons (Zot)
  An orb spider (shapeshifter) (Zot)
  3 ice devils (Zot)
  2 phantasmal warriors (Zot)
  6 skeletal warriors (Zot)
  17 deep trolls (Zot)
  2 flayed ghosts (Zot)
  An ice statue (Zot)
  7 large abominations (Zot)
  2 hill giants (Zot)
  A hill giant (shapeshifter) (Zot)
  A cyclops (shapeshifter) (Zot)
  An oklob plant (Zot)
  9 ugly things (Zot)
  A wolf spider (Zot)
  A salamander (Zot)
  A griffon (Zot)
  4 fauns (Zot)
  5 cyclopes (Zot)
  A manticore (shapeshifter) (Zot)
  3 hell hog skeletons (Zot)
  A manticore (Zot)
  A mermaid (shapeshifter) (Zot)
  2 polar bears (Zot)
  A torpor snail (shapeshifter) (Zot)
  2 gargoyles (Zot)
  A spiny frog (shapeshifter) (Zot)
  2 eyes of devastation (Zot)
  3 freezing wraiths (Zot)
  8 yaktaurs (Zot)
  A fire drake (Zot)
  A boulder beetle (Zot)
  2 red devils (Zot)
  6 deep elf priests (Zot)
  A guardian mummy (Zot)
  12 hell beasts (Zot)
  5 two-headed ogres (Zot)
  2 burning bushes (Zot)
  A merfolk (Zot)
  10 slime creatures (Zot)
  2 shadows (Zot)
  A fire vortex (Zot)
  A polar bear (shapeshifter) (Zot)
  2 blue devils (Zot)
  3 ravens (Zot)
  2 small abominations (Zot)
  3 jumping spiders (Zot)
  A hydra skeleton (Zot)
  A bog body (Zot)
  An ettin zombie (Zot)
  A basilisk (shapeshifter) (Zot)
  A snapping turtle (Zot)
  6 spriggans (Zot)
  An ettin skeleton (Zot)
  2 redbacks (Zot)
  5 hungry ghosts (Zot)
  A wraith (Zot)
  4 vampires (Zot)
  A hippogriff (Zot)
  2 water elementals (Zot)
  A spectral komodo dragon (Zot)
  A spectral yaktaur (Zot)
  6 deep elf magi (Zot)
  7 deep elf fighters (Zot)
  19 golden eyes (Zot)
  A necrophage (Zot)
  An ogre zombie (Zot)
  7 vampire mosquitoes (Zot)
  4 water moccasins (Zot)
  2 wargs (Zot)
  5 hell hounds (Zot)
  8 ogres (Zot)
  2 deep troll skeletons (Zot)
  8 ice beasts (Zot)
  6 yellow wasps (Zot)
  10 black bears (Zot)
  3 orc warriors (Zot)
  9 boggarts (Zot)
  A phantom (Zot)
  A big kobold (Zot)
  8 centaurs (Zot)
  3 giant frogs (Zot)
  An earth elemental (Zot)
  11 insubstantial wisps (Zot)
  3 jellies (Zot)
  6 wights (Zot)
  A giant frog zombie (Zot)
  2 crimson imps (Zot)
  4 orc priests (Zot)
  A hound (Zot)
  Ijyb (Zot)
  4 sheep (Zot)
  5 mummies (Zot)
  An adder (Zot)
  A hound simulacrum (Zot)
  A shadow imp (Zot)
  A white imp (Zot)
  5 orcs (Zot)
  A bat (Zot)
  5 jackals (Zot)
  2 quokkas (Zot)
  3 giant spores (Zot)
  7 kobolds (Zot)
  3 rats (Zot)
  4 fungi (Zot)
472 creatures vanquished.

Vanquished Creatures (others)
  A death yak (Zot)
  13 ice statues (Zot)
  73 oklob plants (Zot)
  A torpor snail (Zot)
  7 orange crystal statues (Zot)
  18 burning bushes (Zot)
  67 ice beasts (Zot)
  9 oklob saplings (Zot)
  3 fungi (Zot)
192 creatures vanquished.

Grand Total: 676 creatures vanquished

Notes
Turn   | Place    | Note
--------------------------------------------------------------
     0 | Zot      | magog001, the Minotaur Fighter, began the quest for the Orb.
     0 | Zot      | Reached XP level 1. HP: 19/19 MP: 1/1
   786 | Zot      | Reached skill level 4 in Armour
   786 | Zot      | Reached XP level 2. HP: 14/27 MP: 1/1
   807 | Zot      | Reached XP level 3. HP: 19/33 MP: 2/2
  1103 | Zot      | Noticed Ijyb
  1111 | Zot      | Killed Ijyb
  1111 | Zot      | Reached XP level 4. HP: 39/41 MP: 2/2
  1576 | Zot      | Noticed a boggart
  1578 | Zot      | Noticed a yellow draconian scorcher
  1578 | Zot      | Noticed a slime creature
  1580 | Zot      | Noticed a slime creature
  1580 | Zot      | Noticed a purple draconian monk
  1581 | Zot      | Killed a boggart
  1581 | Zot      | Reached skill level 5 in Fighting
  1581 | Zot      | Reached skill level 5 in Armour
  1581 | Zot      | Reached skill level 1 in Dodging
  1581 | Zot      | Reached skill level 5 in Shields
  1581 | Zot      | Reached XP level 5. HP: 46/48 MP: 2/2
  1600 | Zot      | Noticed Cuzxax
  1603 | Zot      | Noticed an ice dragon
  1608 | Zot      | Noticed a moth of wrath
  1612 | Zot      | Noticed a yellow draconian
  1617 | Zot      | Noticed a fire dragon
  1617 | Zot      | Killed Cuzxax the boggart
  1617 | Zot      | Reached XP level 6. HP: 43/56 MP: 3/3
  1634 | Zot      | Killed a slime creature
  1634 | Zot      | Reached skill level 6 in Fighting
  1634 | Zot      | Reached XP level 7. HP: 51/63 MP: 3/3
  1668 | Zot      | Killed a slime creature
  1668 | Zot      | Reached skill level 7 in Armour
  1668 | Zot      | Reached XP level 8. HP: 64/71 MP: 3/3
  1758 | Zot      | Noticed a slime creature
  1762 | Zot      | Killed a slime creature
  1762 | Zot      | Reached skill level 5 in Axes
  1762 | Zot      | Reached skill level 8 in Armour
  1790 | Zot      | Noticed a slime creature
  1794 | Zot      | Killed a slime creature
  1794 | Zot      | Reached XP level 9. HP: 79/79 MP: 4/4
  1859 | Zot      | Reached skill level 9 in Armour
  1987 | Zot      | Reached skill level 10 in Armour
  2165 | Zot      | Killed a hill giant
  2165 | Zot      | Reached XP level 10. HP: 89/91 MP: 4/4
  2254 | Zot      | Killed an orb spider
  2254 | Zot      | Reached skill level 5 in Dodging
  2264 | Zot      | Noticed a fire crab
  2265 | Zot      | Noticed a golden dragon
  2265 | Zot      | Reached skill level 11 in Armour
  2269 | Zot      | Noticed a white draconian
  2269 | Zot      | Killed a fire crab
  2377 | Zot      | Reached skill level 10 in Fighting
  2409 | Zot      | Gained mutation: You are weak. (Str -2) [mutagenic meat]
  2410 | Zot      | Gained mutation: Your spells are a little easier to cast, but a little less powerful. [mutagenic meat]
  2411 | Zot      | Gained mutation: You are partially covered in thin metallic scales (AC +2). [mutagenic meat]
  2412 | Zot      | Gained mutation: You are dopey. (Int -2) [mutagenic meat]
  2500 | Zot      | Noticed Chiwiah
  2506 | Zot      | Killed Chiwiah the phantasmal warrior
  2506 | Zot      | Reached skill level 12 in Armour
  2506 | Zot      | Reached XP level 11. HP: 100/100 MP: 4/4
  2575 | Zot      | Killed a centaur warrior
  2575 | Zot      | Reached skill level 10 in Shields
  2577 | Zot      | Noticed a centaur warrior
  2581 | Zot      | Killed a centaur warrior
  2761 | Zot      | Killed a centaur warrior
  2774 | Zot      | Killed a centaur warrior
  2869 | Zot      | Reached skill level 13 in Armour
  3173 | Zot      | Reached XP level 12. HP: 110/110 MP: 5/5
  3376 | Zot      | Reached skill level 14 in Armour
  3477 | Zot      | Reached skill level 10 in Axes
  3529 | Zot      | Got a dark rune of Zot
  3790 | Zot      | Reached skill level 15 in Armour
  3869 | Zot      | Noticed a red very ugly thing
  3869 | Zot      | Noticed a red very ugly thing
  3874 | Zot      | Reached skill level 1 in Bows
  3880 | Zot      | Killed a red very ugly thing
  3894 | Zot      | Killed a purple very ugly thing
  3894 | Zot      | Reached XP level 13. HP: 77/119 MP: 5/5
  4394 | Zot      | Reached skill level 16 in Armour
  4989 | Zot      | Noticed a red very ugly thing
  4998 | Zot      | Killed a red very ugly thing
  5100 | Zot      | Noticed a mottled draconian
  5100 | Zot      | Noticed a green draconian scorcher
  5100 | Zot      | Noticed a green draconian zealot
  5100 | Zot      | Noticed a yellow draconian
  5102 | Zot      | Noticed Tiamat
  5106 | Zot      | Killed a green draconian zealot
  5109 | Zot      | Killed a green draconian scorcher
  5116 | Zot      | Killed a yellow draconian
  5116 | Zot      | Reached skill level 17 in Armour
  5125 | Zot      | Killed a mottled draconian
  5125 | Zot      | Reached skill level 1 in Maces & Flails
  5147 | Zot      | Killed Tiamat
  5147 | Zot      | Reached XP level 14. HP: 71/129 MP: 5/5
  5682 | Zot      | Gained mutation: You have difficulty communicating with the divine. [mutagenic meat]
  5683 | Zot      | Gained mutation: You are covered in fur (AC +1). [mutagenic meat]
  5702 | Zot      | Noticed Qaacenat
  5708 | Zot      | Killed Qaacenat the Ice Fiend
  6466 | Zot      | Reached skill level 18 in Armour
  6600 | Zot      | Noticed an azure jelly
  6617 | Zot      | Killed an azure jelly
  7063 | Zot      | Reached skill level 1 in Throwing
  7168 | Zot      | Killed a shadow dragon
  7174 | Zot      | Noticed a shadow dragon
  7177 | Zot      | Noticed an iron dragon
  7182 | Zot      | Killed a shadow dragon
  7188 | Zot      | Reached skill level 19 in Armour
  7199 | Zot      | Killed an iron dragon
  7199 | Zot      | Reached XP level 15. HP: 86/138 MP: 6/6
  7381 | Zot      | Noticed a tengu reaver
  7382 | Zot      | Killed a tengu reaver
  7585 | Zot      | Noticed a bone dragon
  7597 | Zot      | Killed a bone dragon
  7715 | Zot      | Gained mutation: Your vision is a little blurry. [mutagenic meat]
  7716 | Zot      | Gained mutation: You are frail (-10% HP). [mutagenic meat]
  7717 | Zot      | Gained mutation: You are resistant to hostile enchantments. [mutagenic meat]
  7761 | Zot      | Reached skill level 10 in Dodging
  7862 | Zot      | Noticed a Brimstone Fiend
  7869 | Zot      | Killed a Brimstone Fiend
  7908 | Zot      | Noticed a Shadow Fiend
  7910 | Zot      | Noticed Crudd
  7922 | Zot      | Killed a Shadow Fiend
  7922 | Zot      | Reached skill level 20 in Armour
  7927 | Zot      | Killed Crudd the Brimstone Fiend
  8371 | Zot      | Reached skill level 15 in Fighting
  8375 | Zot      | Reached XP level 16. HP: 134/134 MP: 6/6
  8464 | Zot      | Noticed Norris
  8464 | Zot      | Killed Norris
  8491 | Zot      | Reached skill level 21 in Armour
  8511 | Zot      | Killed Nukum the tentacled monstrosity
  8511 | Zot      | Reached skill level 5 in Throwing
  8543 | Zot      | Got a golden rune of Zot
  8689 | Zot      | Killed a titan
  9194 | Zot      | Reached skill level 5 in Maces & Flails
  9209 | Zot      | Noticed Xtahua
  9212 | Zot      | Killed Xtahua
  9284 | Zot      | Noticed an ancient lich
  9284 | Zot      | Reached XP level 17. HP: 141/141 MP: 6/6
  9288 | Zot      | Reached skill level 22 in Armour
  9415 | Zot      | Killed an ancient lich
  9858 | Zot      | Reached skill level 15 in Shields
  9869 | Zot      | Killed a golden dragon
 10461 | Zot      | Reached skill level 23 in Armour
 10587 | Zot      | Reached XP level 18. HP: 150/150 MP: 7/7
 10619 | Zot      | HP: 7/151 [spriggan air mage/the air[a spriggan defender] (13)]
 10629 | Zot      | HP: 2/151 [spriggan air mage/the air[a spriggan defender] (9)]
 10658 | Zot      | Slain by a spriggan defender

Action                   |  1- 3 |  4- 6 |  7- 9 | 10-12 | 13-15 | 16-18 || total
-------------------------+-------+-------+-------+-------+-------+-------++-------
Melee: War axe           |    14 |    24 |     1 |       |       |       ||    39
       Great sword       |       |       |       |     2 |       |       ||     2
       Hand axe          |       |       |       |     1 |       |       ||     1
       Mace              |       |       |       |    26 |    46 |   142 ||   214
 Fire: Shortbow          |       |       |       |     3 |       |       ||     3
Throw: Tomahawk          |       |       |       |       |     3 |       ||     3
 Abil: Make oklob saplin |     2 |     2 |     5 |       |       |     2 ||    11
       Make oklob plant  |       |       |     5 |    15 |    31 |    30 ||    81
       Make burning bush |       |       |     1 |     3 |    13 |     3 ||    20
       Make grenades     |       |       |       |     1 |       |       ||     1
       Remove Curse      |       |       |       |     4 |       |       ||     4
       Make ice statue   |       |       |       |     4 |     6 |     8 ||    18
       Make mushroom cir |       |       |       |     1 |       |     2 ||     3
       Make crystal stat |       |       |       |       |     4 |     3 ||     7
       Make needle trap  |       |       |       |       |    25 |       ||    25
       Zot-teleport      |       |       |       |       |       |    14 ||    14
Evoke: Wand              |       |       |       |       |     1 |       ||     1
  Use: Potion            |       |       |       |       |     2 |     1 ||     3
 Stab: Distracted        |       |       |       |       |     1 |       ||     1
  Eat: Chunk             |       |       |       |     4 |     6 |       ||    10
